 Dungeon Crawl Stone Soup version 0.30-a0-799-g109b55a442 (webtiles) character file.

Game seed: 63908831709131292

1094 Jeffwins the Skirmisher (level 8, -10/52 HPs)
             Began as a Human Wanderer on Feb 20, 2023.
             Killed by an exploding Pikel (54 damage)
             ... ignited by their inner flame
             ... on level 4 of the Dungeon.
             The game lasted 00:12:46 (4988 turns).

Jeffwins the Skirmisher (Human Wanderer)            Turns: 4988, Time: 00:12:47

Health: -10/52     AC:  8    Str: 14    XL:     8   Next: 57%
Magic:  8/8        EV: 10    Int: 12    God:
Gold:   314        SH:  0    Dex: 14    Spells: 7/7 levels left

rFire   . . .      SeeInvis .    a - +2 sling
rCold   . . .      Faith    .    (no shield)
rNeg    . . .      Spirit   .    t - +1 ring mail {Will+}
rPois   .          Reflect  .    c - +0 helmet
rElec   .          Harm     .    (no cloak)
rCorr   .          Rampage  .    n - +0 pair of gloves
Will    +....                    (no boots)
Stlth   ++                       (no amulet)
HPRegen 0.28/turn                (no ring)
MPRegen 0.11/turn                (no ring)

@: no status effects
A: no striking features
a: no special abilities


You were on level 4 of the Dungeon.
You visited 1 branch of the dungeon, and saw 5 of its levels.

You collected 314 gold pieces.


   Skills:
 - Level 1.0 Axes
 * Level 10.0 Ranged Weapons
 - Level 5.0 Stealth
 - Level 1.0 Evocations


You had 7 spell levels left.
You didn't know any spells.
Your spell library contained the following spells:

 Spells                   Type           Power      Damage    Failure   Level
 Lesser Beckoning         Tloc           0%         N/A       71%         2
 Gell's Gravitas          Tloc           0%         N/A       90%         3
 Portal Projectile        Hex/Tloc       0%         N/A       90%         3
 Teleport Other           Tloc           0%         N/A       90%         3
 Tukima's Dance           Hex            0%         N/A       90%         3
 Blade Hands              Tmut           0%         N/A       100%        5

Inventory:

Hand Weapons
 a - a +2 sling (weapon)
 b - a +0 hand axe
 k - a +1 dagger of venom
Missiles
 s - 2 poisoned darts (quivered)
Armour
 c - a +0 helmet (worn)
 n - a +0 pair of gloves (worn)
 t - a +1 ring mail of willpower (worn)
Scrolls
 d - 2 scrolls of teleportation {@r4}
 l - a scroll of enchant weapon
 p - a scroll of identify {@r1}
 r - 2 scrolls of magic mapping
Potions
 e - a potion of curing {@q1}
 f - 2 potions of mutation {unknown}
 g - a potion of magic {unknown}
 h - a potion of cancellation {unknown}
 i - 3 potions of haste {unknown}
 j - a potion of might {unknown}
 m - 2 potions of attraction {unknown}
 o - a potion of heal wounds {unknown}
 q - a potion of resistance {unknown}

Dungeon Overview and Level Annotations

Branches:
Dungeon (5/15)
 Temple: D:4-7

Altars:
Cheibriados
Hepliaklqana
Makhleb
Wu Jian
Yredelemnul

Shops:
D:2

=
.....#.....#...##..###)...##.....
###..#.....#...##..###>...##.....
#..#.....#.........#.....#.....
##..#>....#.........#....#######
##...#.....#.........#....##.....
.....#.....#.........#.....#.....
.....#.....#.........#.....'.....
.....#.....#.........#.....#.....
.....#.....#....@§...#.....#.....
.....#.....#...##○############'##
.....#.....#...##§## #.....#
.....'.....'.....§.# ##......
.....#.....#.......# #≈≈≈≈≈≈≈.
####+#.....#.......# #≈▒▒▒▒▒≈.
.....#.....#.......# #≈▒≈≈≈▒≈.
.....#.....#.......# #≈▒≈⚑....
.....#.....#.......# #≈▒≈≈≈▒≈.


There were no monsters in sight!


Message History

Pikel is lightly wounded.
You shoot a sling bullet. The sling bullet barely misses Pikel.
Pikel is engulfed in blazing flames.
Flame seeps out of Pikel.
You shoot a sling bullet.
The sling bullet hits Pikel but does no damage.
Pikel is heavily wounded.
Pikel misses you.
You shoot a sling bullet. The sling bullet closely misses Pikel.
Pikel closely misses you.
You shoot a sling bullet. The sling bullet misses Pikel.
Pikel hits you but does no damage.
You shoot a sling bullet. The sling bullet barely misses Pikel.
Pikel zaps a wand.
The bolt of acid hits you!
You shoot a sling bullet. The sling bullet closely misses Pikel.
Pikel closely misses you.
You shoot a sling bullet. The sling bullet hits Pikel.
Flame seeps out of Pikel.
Pikel is heavily wounded.
Pikel is engulfed in blazing flames.
Flame seeps out of Pikel.
Pikel closely misses you.
You shoot a sling bullet. The sling bullet hits Pikel.
Flame seeps out of Pikel.
Pikel is almost dead.
Pikel is engulfed in blazing flames.
With Pikel's spell broken, his former minions thank you for their freedom.
The lemure departs this earthly plane. x2
Pikel explodes!
The fiery explosion engulfs you!!!
Ouch! That really hurt!
You die...

Skill      XL: |  1  2  3  4  5  6  7  8 |
---------------+-------------------------+-----
Ranged Weapons | 6 7 8 10 | 10.0
Stealth        | 5 |  5.0
Axes           | |  1.0
Evocations     | |  1.0

Action                     |  1- 3 |  4- 6 |  7- 9 || total
---------------------------+-------+-------+-------++-------
   Fire: Sling             |   112 |   106 |   320 ||   538
  Throw: Dart              |       |       |     3 ||     3
    Use: Scroll            |       |     1 |     7 ||     8
 Armour: Leather armour    |    12 |    12 |     5 ||    29
         Ring mail         |       |       |    56 ||    56
  Dodge: Dodged            |    31 |    30 |    88 ||   149

Levels and vault maps discovered:
D:1:      lightli_arrival_isolated_outpost, layout_loops_ring,
          chequers_serial_rivers_micro_e, grunt_decor_one_mirror, st_stairs_1
D:2:      layout_loops_cross, serial_shops, shop, basic_altar,
          nrook_loot_triangle, st_stairs_5, minmay_snake_closets, uniq_sigmund
D:3:      layout_rooms, mainiacjoe_overflow_alcove_2, chequers_avenue,
          dk_noncrumbling_2, hex_tiny, grunt_ministairs_13,
          ebering_dispersal_statue_hall, minmay_misc_feat_doors, uniq_grinder
D:4:      layout_gridville, nicolae_overflow_two_pavilions,
          supply_closet_lemuel, hangedman_decor_growths, uniq_pikel
D:5:      layout_cave_pools, nicolae_wu_jian_wuxing_cycle, gammafunk_ghost_icy,
          serial_gnoll_camp, grums_kennel, gnoll_camp_mini_loothouse,
          gnoll_camp_mini_hut, gnoll_camp_mini_basic

Notes
Turn   | Place    | Note
-------+----------+-------------------------------------------
     0 | D:1      | Jeffwins the Human Wanderer began the quest for the Orb.
     0 | D:1      | Jeffwins set off with the following items: a +2 sling, a +0
                  | hand axe, a +0 helmet, a scroll of teleportation {@r4}, a
                  | +0 leather armour.
     0 | D:1      | Reached XP level 1. HP: 13/13 MP: 1/1
    83 | D:1      | Reached XP level 2. HP: 19/19 MP: 2/2
   309 | D:1      | Reached XP level 3. HP: 24/24 MP: 3/3
   611 | D:2      | Found Igaiwn's Jewellery Shoppe.
   824 | D:2      | Found a hazy altar of Hepliaklqana.
   890 | D:2      | Reached XP level 4. HP: 30/30 MP: 4/4
   895 | D:2      | Reached skill level 5 in Ranged Weapons
   902 | D:2      | Noticed Sigmund
  1054 | D:2      | Killed Sigmund
  1055 | D:2      | Reached skill level 6 in Ranged Weapons
  1055 | D:2      | Reached skill level 5 in Stealth
  1055 | D:2      | Reached XP level 5. HP: 35/35 MP: 5/5
  1055 | D:2      | Reached XP level 6. HP: 41/41 MP: 6/6
  1872 | D:3      | Noticed Grinder
  1898 | D:3      | Killed Grinder
  1899 | D:3      | Reached skill level 7 in Ranged Weapons
  1899 | D:3      | Reached XP level 7. HP: 39/46 MP: 7/7
  1932 | D:3      | Reached skill level 8 in Ranged Weapons
  2220 | D:3      | Found a burning altar of Makhleb.
  2676 | D:4      | Found a snail-covered altar of Cheibriados.
  2676 | D:4      | Found a basalt altar of Yredelemnul.
  2879 | D:4      | Noticed Pikel
  3501 | D:5      | Entered Level 5 of the Dungeon
  3527 | D:5      | Reached XP level 8. HP: 49/52 MP: 8/8
  3618 | D:5      | Reached skill level 9 in Ranged Weapons
  4226 | D:5      | Found an ornate altar of the Wu Jian Council.
  4780 | D:5      | Reached skill level 10 in Ranged Weapons
  4922 | D:5      | Noticed a troll
  4988 | D:4      | Killed Pikel
  4988 | D:4      | Killed by an exploding Pikel... ignited by their inner
                  | flame

Vanquished Creatures
  Pikel (D:4)
  Grinder (D:3)
  Sigmund (D:2)
  An ice beast (D:5)
  2 lemures (D:4)
  A scorpion (D:4)
  2 jellies
  2 hounds (D:5)
  A gnoll bouda (D:5)
  2 iguanas
  2 orc wizards (D:3)
  12 gnolls
  10 adders
  An ufetubus (D:4)
  A worm (D:2)
  2 dart slugs (D:1)
  7 orcs
  5 bats
  5 endoplasms
  A giant cockroach (D:1)
  8 goblins
  11 hobgoblins
  6 jackals
  5 kobolds
  7 quokkas
  9 ball pythons
  A frilled lizard (D:1)
  9 rats
116 creatures vanquished.

Table legend: (Time is in decaauts)
 A = Elapsed time spent in this place.
 B = Non-inter-level travel time spent in this place.
 C = Inter-level travel time spent in this place.
 D = Time resting spent in this place.
 E = Time spent auto-exploring this place.
 F = Levels seen in this place.
 G = Mean time per level.
                   A        B        C        D        E       F      G
               +--------+--------+--------+--------+--------+-----+--------+
         Total |   5052 |   4838 |    214 |    890 |   2854 |   5 | 1010.4 |
       Dungeon |   5052 |   4838 |    214 |    890 |   2854 |   5 | 1010.4 |
               +--------+--------+--------+--------+--------+-----+--------+

Top non-repeatable levels by time:
     D:4: 1693 daAuts
     D:2: 1186 daAuts
     D:3: 829 daAuts
     D:1: 696 daAuts
     D:5: 645 daAuts

Table legend:
 A = Non-vault XP
 B = Vault XP
 C = Vault XP percentage of total XP
 D = Non-vault monster count
 E = Vault monster count
 F = Vault count percentage of total count
                 A         B        C        D         E       F
            +---------+---------+-------+---------+---------+-------
      Total |     810 |    1394 |  63.2 |      90 |      24 |  21.1
            +---------+---------+-------+---------+---------+-------
        D:1 |      43 |       2 |   4.4 |      23 |       1 |   4.2
        D:2 |      42 |     336 |  88.9 |      15 |      13 |  46.4
        D:3 |     128 |     269 |  67.8 |      25 |       2 |   7.4
        D:4 |     253 |     641 |  71.7 |      15 |       1 |   6.2
        D:5 |     344 |     146 |  29.8 |      12 |       7 |  36.8
            +---------+---------+-------+---------+---------+-------
